Map: 匹昂台地

Players

iGJim

  • Race: Protoss Protoss
  • League: Master

iGXY

  • Race: Protoss Protoss
  • League: Master

三族统领随机娜 (XY)

  • Race: Terran Terran
  • League: Master

iGRushcrazy

  • Race: Terran Terran
  • League: Master

Event: GPL 2015 - Grand Finals

VOD

Have the link to the VOD?

Description

Time

  • Played on: Jan. 22, 2016, 4:40 a.m.
  • Length: 8:40

All games in this series

Show
View Real Time Build Order
Export as new Build Order

iGJim Protoss 

Build Orders: 1 Gate Expand, Phoenix Opening 

Get SALT Encoding   

  12  0:00  Probe (Chrono Boost)  
  13  0:11  Probe (Chrono Boost)  
  14  0:17  Pylon  
  14  0:22  Probe (Chrono Boost)  
  15  0:35  Probe (Chrono Boost)  
  16  0:36  Gateway  
  16  0:46  Probe (Chrono Boost)  
  17  0:51  Assimilator  
  17  0:56  Probe (Chrono Boost)  
  18  1:07  Probe (Chrono Boost)  
  19  1:17  Probe (Chrono Boost)  
  20  1:23  Nexus  
  20  1:31  Cybernetics Core  
  20  1:34  Probe (Chrono Boost)  
  21  1:40  Assimilator  
  21  1:45  Probe (Chrono Boost)  
  22  1:49  Pylon  
  22  1:55  Probe (Chrono Boost)  
  23  2:08  Mothership Core (Chrono Boost), Adept  
  25  2:25  Warp Gate  
  25  2:26  Probe (Chrono Boost)  
  25  2:36  Probe x2 (Chrono Boost)  
  27  2:37  Adept (Chrono Boost)  
  29  2:46  Probe (Chrono Boost)  
  29  2:49  Pylon  
  29  2:50  Probe (Chrono Boost)  
  31  2:56  Probe (Chrono Boost)  
  32  3:02  Stargate  
  32  3:03  Probe (Chrono Boost)  
  33  3:08  Probe (Chrono Boost)  
  33  3:11  Stalker  
  36  3:15  Probe (Chrono Boost)  
  36  3:18  Probe (Chrono Boost)  
  38  3:23  Pylon  
  38  3:26  Probe (Chrono Boost)  
  39  3:30  Probe (Chrono Boost)  
  39  3:33  Pylon  
  40  3:36  Probe (Chrono Boost)  
  40  3:38  Stalker (Chrono Boost)  
  43  3:45  Probe  
  43  3:47  Phoenix (Chrono Boost)  
  46  3:51  Probe  
  47  3:57  Probe  
  48  4:03  Probe  
  48  4:09  Probe, Phoenix (Chrono Boost)  
  52  4:15  Probe  
  53  4:21  Probe (Chrono Boost)  
  54  4:28  Probe (Chrono Boost)  
  54  4:31  Phoenix (Chrono Boost), Nexus  
  57  4:33  Probe (Chrono Boost)  
  57  4:35  Pylon  
  58  4:39  Probe (Chrono Boost), Twilight Council  
  58  4:42  Assimilator  
  59  4:46  Probe (Chrono Boost), Assimilator  
  59  4:50  Probe (Chrono Boost)  
  61  4:57  Phoenix (Chrono Boost)  
  61  4:59  Gateway  
  63  5:02  Gateway  
  63  5:03  Probe  
  63  5:04  Probe  
  65  5:10  Adept  
  65  5:13  Pylon  
  67  5:15  Probe, Resonating Glaives (Chrono Boost)  
  67  5:16  Probe  
  69  5:27  Probe  
  69  5:28  Phoenix  
  70  5:31  Probe  
  73  5:37  Robotics Facility  
  73  5:39  Gateway  
  73  5:41  Adept  
  74  5:45  Gateway  
  74  5:50  Phoenix  
  74  5:53  Probe  
  74  5:54  Probe x2  
  79  6:02  Adept  
  79  6:04  Probe  
  81  6:06  Probe  
  81  6:07  Pylon x2  
  81  6:10  Adept x2  
  87  6:13  Phoenix  
  87  6:18  Pylon  
  89  6:25  Observer (Chrono Boost)  
  90  6:28  Adept  
  90  6:30  Pylon  
  92  6:34  Probe, Gateway x2  
  92  6:35  Adept x2  
  92  6:36  Phoenix  
  99  6:42  Adept  
  99  6:45  Adept  
  103  6:49  Immortal (Chrono Boost)  
  103  6:50  Probe  
  103  6:51  Probe x2  
  110  6:59  Adept x2  
  114  7:01  Phoenix  
  114  7:02  Adept, Gateway  
  114  7:08  Probe, Assimilator  
  119  7:14  Forge  
  119  7:19  Pylon  
  119  7:22  Warp Prism (Chrono Boost)  
  121  7:23  Phoenix  
  123  7:30  Gateway  
  123  7:31  Gateway  
  123  7:41  Adept x5  
  133  7:45  Pylon  
  133  7:47  Pylon  
  133  7:48  Pylon  
  133  7:56  Pylon, Assimilator  
  133  7:58  Immortal  
  133  8:00  Phoenix  
  139  8:06  Adept, Sentry  
  139  8:07  Adept  
  139  8:09  Adept  
  147  8:13  Adept x2  
  147  8:15  Adept  
Show
View Real Time Build Order
Export as new Build Order

iGXY Protoss 

Build Orders:  

Get SALT Encoding   

  12  0:00  SCV  
  13  0:13  Supply Depot  
  13  0:18  SCV  
  14  0:30  SCV  
  15  0:42  Barracks  
  15  0:43  Refinery  
  15  0:47  SCV  
  16  0:59  SCV  
  17  1:08  Refinery  
  17  1:11  SCV  
  18  1:23  SCV  
  19  1:28  Reaper  
  20  1:35  Orbital Command  
  20  1:50  Factory  
  20  1:57  Supply Depot  
  20  2:00  SCV, Reaper  
  22  2:13  SCV  
  23  2:25  SCV  
  23  2:28  Command Center  
  24  2:35  Factory Tech Lab  
  24  2:37  SCV  
  24  2:39  Reaper  
  26  2:49  SCV  
  27  2:51  Supply Depot  
  27  3:01  Cyclone  
  27  3:02  SCV  
  31  3:15  SCV  
  31  3:18  Barracks  
  32  3:20  Barracks  
  33  3:27  SCV  
  33  3:36  Barracks  
  33  3:39  SCV  
  33  3:40  Orbital Command  
  34  3:49  Factory Tech Lab  
  34  3:51  SCV  
  35  4:03  SCV  
  35  4:11  Barracks Reactor  
  35  4:15  SCV x2  
  35  4:16  Starport  
  37  4:17  Refinery  
  37  4:19  Factory Reactor  
  37  4:27  Marauder x2, Stimpack  
  37  4:28  SCV  
  39  4:32  Bunker, SCV  
  39  4:35  Engineering Bay  
  40  4:39  Combat Shields  
  40  4:40  SCV  
  40  4:44  SCV  
  42  4:47  Marine  
  42  4:48  Marine x3  
  42  4:52  SCV  
  47  4:56  SCV  
  47  5:01  Factory Tech Lab  
  47  5:02  Medivac  
  47  5:04  Terran Infantry Weapons Level 1, SCV  
  50  5:08  SCV  
  50  5:10  Marine  
  52  5:14  Supply Depot  
  52  5:15  Supply Depot  
  52  5:16  SCV  
  52  5:17  Supply Depot  
  53  5:22  SCV  
  52  5:28  SCV  
  52  5:35  Missile Turret  
  53  5:36  Siege Tank, Missile Turret  
  53  5:39  SCV  
  53  5:40  Marine x3, Medivac  
  53  5:41  Marine, SCV  
  63  5:45  Refinery  
  63  5:50  Barracks  
  63  5:51  SCV  
  63  5:53  SCV  
  63  5:57  Concussive Shells  
  63  5:58  Marine  
  63  5:59  Marauder x2  
  68  6:08  SCV  
  68  6:10  Siege Tank  
  72  6:12  Marine  
  72  6:15  Supply Depot  
  72  6:17  Medivac  
  75  6:21  Marine x3  
  78  6:27  Barracks  
  77  6:35  Supply Depot  
  77  6:36  Supply Depot  
  77  6:38  Barracks Reactor, Supply Depot  
  77  6:40  Marine x3  
  77  6:41  Marine  
  77  6:42  Siege Tank  
  77  6:46  Medivac  
  86  6:56  Medivac  
  86  6:58  Marine x3  
  86  7:00  Supply Depot  
  86  7:01  Marine  
  82  7:12  Supply Depot  
  82  7:14  Siege Tank  
  85  7:16  Marine x2, Barracks Tech Lab  
  85  7:17  Marauder  
  85  7:22  Marine x2  
  90  7:27  Command Center  
  90  7:29  Marauder  
  93  7:33  SCV  
  93  7:34  Marine, SCV  
  96  7:39  Marauder, Marine  
  96  7:46  Siege Tank  
  96  7:47  Marauder  
  96  7:50  Marauder  
  99  7:54  Marine  
  100  7:59  Marine  
  100  8:00  Medivac  
  100  8:01  Marauder  
  100  8:05  Marine x2  
  107  8:07  SCV  
  107  8:08  SCV  
  107  8:09  Marauder  
  107  8:11  Supply Depot  
  107  8:12  Marauder  
Show
View Real Time Build Order
Export as new Build Order

三族统领随机娜 Terran 

Build Orders:  

Get SALT Encoding   

Show
View Real Time Build Order
Export as new Build Order

iGRushcrazy Terran 

Build Orders:  

Get SALT Encoding   

Tags
 
Add a new tag
Caveats
  • Supply blocks, unpowered buildings, or Contaminate may cause inaccurate times.
  • Supply counts are checked every 10 seconds.